 Dungeon Crawl Stone Soup version 0.30-a0-310-g7d6cbdfea6 (webtiles) character file.

Game seed: 14121952290947113323

88 Lanoc the Sneak (level 4, -7/26 HPs)
             Began as a Vampire Brigand on Oct 24, 2022.
             Killed from afar by Sigmund (9 damage)
             ... with a magic dart
             ... on level 3 of the Dungeon.
             The game lasted 00:03:26 (1582 turns).

Lanoc the Sneak (Vampire Brigand)                   Turns: 1582, Time: 00:03:26

Health: -7/26      AC:  3    Str:  9 (10) XL:     4   Next: 30%
Magic:  4/4        EV: 12    Int: 10 (13) God:
Gold:   158        SH:  0    Dex: 15 (17) Spells: 3/3 levels left

rFire   + . .      SeeInvis +    a - +2 dagger
rCold   + + .      Faith    .    (no shield)
rNeg    + + +      Spirit   .    b - +0 robe
rPois   ∞          Reflect  .    (no helmet)
rElec   .          Harm     .    c - +0 cloak
rCorr   .          Rampage  .    (no gloves)
Will    .....                    (no boots)
Stlth   +++++.....               s - amulet of the acrobat
HPRegen 0.00/turn                o - ring of protection from fire
MPRegen 0.09/turn                (no ring)

@: attractive, bloodless, inhibited regen
A: bloodless, fangs 3, see invisible, vampiric 2
a: Bat Form, Revivify


You were on level 3 of the Dungeon.
You visited 1 branch of the dungeon, and saw 3 of its levels.

You collected 158 gold pieces.

Inventory:

Hand Weapons
 a - a +2 dagger (weapon)
 t - a +1 short sword of venom
Missiles
 d - 14 poisoned darts (quivered)
Armour
 b - a +0 robe (worn)
 c - a +0 cloak (worn)
Jewellery
 o - a ring of protection from fire (left hand)
 s - an amulet of the acrobat (around neck)
Wands
 r - a wand of light (8)
Scrolls
 g - 5 scrolls of identify {unknown}
 i - a scroll of teleportation {unknown}
 p - a scroll of enchant armour {unknown}
 q - a scroll of magic mapping {unknown}
Potions
 f - a potion of lignification
 l - a potion of might {unknown}
 m - a potion of heal wounds {unknown}
 n - a potion of brilliance {unknown}


   Skills:
 + Level 2.2 Fighting
 * Level 3.4 Short Blades
 - Level 1.5 Throwing
 + Level 2.1 Dodging
 * Level 7.0 Stealth


You had 3 spell levels left.
You didn't know any spells.
Your spell library was empty.

Dungeon Overview and Level Annotations

Branches:
Dungeon (3/15)

Altars:

Shops:
D:1 !

Annotations:
D:3 Sigmund


Innate Abilities, Weirdness & Mutations

You do not regenerate when monsters are visible.
You are frail without blood (-20% HP).
You can heal yourself when you bite living creatures.
You are immune to poison.
You have razor-sharp teeth.
You have supernaturally acute eyesight. (SInv)
You are afflicted with vampirism and can become a bat while bloodless.


Message History

Sigmund is severely wounded.
Sigmund points at you and mumbles some strange words.
You are confused.
You hit Sigmund but do no damage.
Sigmund is severely wounded.
Sigmund misses you.
You closely miss Sigmund. You bite Sigmund, but do no damage.
Sigmund is severely wounded.
Sigmund closely misses you. Sigmund attacks as you move away!
Sigmund barely misses you. Sigmund gestures at you while chanting.
You are more confused.
You completely miss Sigmund.
Sigmund is severely wounded.
Sigmund misses you. Sigmund completely misses you.
You bump into the rock wall.
Sigmund smiles chillingly.
Sigmund gestures at you while chanting. The puff of flame misses you.
You're too confused to move!
Sigmund casts a spell at you. You resist with some effort.
Sigmund casts a spell at you. The magic dart hits you.
It was a potion of lignification.
You feel woody for a moment.
Sigmund points at you and mumbles some strange words.
The puff of flame misses you.
It was a potion of degeneration.
There was something very wrong with that liquid.
You feel weakened.
You feel dopey.
You feel clumsy.
You feel less confused. Sigmund casts a spell at you. The magic dart hits you!
* * * LOW HITPOINT WARNING * * *
It was a potion of attraction.
You feel attractive to monsters.
Sigmund points at you and mumbles some strange words.
The magic dart hits you!
You die...

#.# #.......... #.##
#.......... #..#
#.......... ##.### ......
#...#### ####..
###########....#### #..
#.......@.####....## #..
#.........#######..# #..
#.......@..........####..
#########..........'<####
#.........†#.###
#..........#...#
#..........###.#
#.......†..# #.##
#..........# #..#
#..........# ##>.
.........# ###


You could see Sigmund.

Vanquished Creatures
  5 adders
  A worm (D:2)
  4 dart slugs
  An orc (D:3)
  5 bats
  7 endoplasms
  A goblin (D:2)
  A quokka (D:2)
  2 ball pythons
  6 frilled lizards
  3 kobolds
  3 rats
39 creatures vanquished.

Notes
Turn   | Place    | Note
-------+----------+-------------------------------------------
     0 | D:1      | Lanoc the Vampire Brigand began the quest for the Orb.
     0 | D:1      | Reached XP level 1. HP: 16/16 MP: 1/1
    86 | D:1      | Reached skill level 6 in Stealth
   112 | D:1      | Found Puamyo's Distillery.
   120 | D:1      | Reached XP level 2. HP: 22/22 MP: 2/2
   488 | D:2      | Gained mutation: You are afflicted with vampirism and can
                  | become a bat while bloodless. [Vampire growth]
   488 | D:2      | Reached XP level 3. HP: 21/21 MP: 3/3
  1052 | D:3      | Reached XP level 4. HP: 26/26 MP: 4/4
  1519 | D:3      | Reached skill level 7 in Stealth
  1551 | D:3      | Noticed Sigmund
  1582 | D:3      | Killed from afar by Sigmund

Illustrated notes

Levels and vault maps discovered:
D:1:      wander_arrival_peaceful_grave, layout_rooms, serial_shops, shop,
          minmay_pentomino_o2
D:2:      layout_basic, minmay_ruptured
D:3:      layout_basic, minmay_cupped, uniq_sigmund

Skill      XL: |  1  2  3  4 |
---------------+-------------+-----
Stealth        | 6 7 |  7.0
Fighting       | 2 |  2.2
Short Blades   | 3 |  3.4
Dodging        | 2 |  2.1
Throwing       | |  1.5

Action                   |  1- 3 |  4- 6 || total
-------------------------+-------+-------++-------
Melee: Dagger            |    61 |    30 ||    91
       Punch             |     1 |       ||     1
       Bite              |     3 |     2 ||     5
Throw: Dart              |       |     5 ||     5
 Abil: Exsanguinate      |     1 |       ||     1
  Use: Potion            |     1 |     4 ||     5
 Stab: Sleeping          |    19 |     5 ||    24
       Distracted        |     1 |       ||     1
Armor: Robe              |     9 |     1 ||    10
Dodge: Dodged            |    23 |    15 ||    38

Table legend: (Time is in decaauts)
 A = Elapsed time spent in this place.
 B = Non-inter-level travel time spent in this place.
 C = Inter-level travel time spent in this place.
 D = Time resting spent in this place.
 E = Time spent auto-exploring this place.
 F = Levels seen in this place.
 G = Mean time per level.
                   A        B        C        D        E       F      G
               +--------+--------+--------+--------+--------+-----+--------+
         Total |   1566 |   1527 |     39 |      0 |   1181 |   3 |  522.0 |
       Dungeon |   1566 |   1527 |     39 |      0 |   1181 |   3 |  522.0 |
               +--------+--------+--------+--------+--------+-----+--------+

Top non-repeatable levels by time:
     D:2: 604 daAuts
     D:3: 591 daAuts
     D:1: 370 daAuts
